 Dungeon Crawl Stone Soup version 0.24-a0-415-g6d73c25c48 (webtiles) character file.

Game seed: 2943154994350766377

31908 vurker the Severer (level 13, -1/127 HPs)
             Began as a Deep Dwarf Fighter on June 7, 2019.
             Was a High Priest of Makhleb.
             Slain by a six-headed hydra (10 damage)
             ... on level 4 of the Lair of Beasts.
             The game lasted 00:49:56 (12673 turns).

vurker the Severer (Deep Dwarf Fighter)            Turns: 12673, Time: 00:49:57

Health: -1/127     AC: 17    Str: 25    XL:     13   Next: 28%
Magic:  0/0        EV:  5    Int:  9    God:    Makhleb [*****.]
Gold:   1182       SH: 11    Dex: 15    Spells: 12/12 levels left

rFire    . . .     SeeInvis .   a - +1 war axe
rCold    . . .     Gourm    .   D - +0 shield
rNeg     . . .     Faith    .   L - +0 plate armour (curse)
rPois    +         Spirit   .   s - +1 helmet
rElec    .         Reflect  .   (no cloak)
rCorr    .         Harm     .   u - +0 pair of gloves {Dex+3}
MR       ++...                  (no boots)
Stlth    ..........             (no amulet)
HPRegen  0.00/turn              f - ring of poison resistance
MPRegen  0.07/turn              l - ring of protection from magic

@: non-regenerating
A: damage resistance, heal wounds, sense surroundings 2, no regeneration
a: Heal Wounds, Minor Destruction, Lesser Servant of Makhleb, Major Destruction,
Greater Servant of Makhleb, Renounce Religion


You were on level 4 of the Lair of Beasts.
You worshipped Makhleb.
Makhleb was extremely pleased with you.
You were not hungry.

You visited 3 branches of the dungeon, and saw 17 of its levels.

You collected 1182 gold pieces.

Inventory:

Hand Weapons
 a - a +1 war axe (weapon)
 b - a +0 war axe of holy wrath
   (You took it off an orc warrior on level 11 of the Dungeon)
 J - the +10 dire flail "Gram" {antimagic, +Blink rElec rPois MR+, unknown}
   (You found it on level 4 of the Lair of Beasts)

   It reduces the magical energy of the wielder, and disrupts the spells and
   magical abilities of those hit.
   Natural abilities and divine invocations are not affected.
   It insulates you from electricity.
   It protects you from poison.
   It affects your resistance to hostile enchantments.
   It lets you blink.
Missiles
 E - 2 throwing nets (quivered) {!f}
Armour
 s - a +1 helmet (worn)
   (You found it on level 2 of the Dungeon)
 u - a +0 pair of gloves of dexterity (worn)
   (You acquired it on level 1 of the Lair of Beasts)
 D - a +0 shield (worn)
 L - a cursed +0 plate armour (worn)
   (You took it off an orc warrior on level 9 of the Dungeon)
Jewellery
 f - a ring of poison resistance (left hand)
   (You took it off an orc on level 5 of the Dungeon)
 l - a ring of protection from magic (right hand)
   (You found it on level 3 of the Dungeon)
 o - an uncursed ring of protection from cold
   (You found it on level 1 of the Dungeon)
 z - an uncursed ring of see invisible
   (You took it off a centaur on level 9 of the Dungeon)
 G - a +3 ring of intelligence {unknown}
   (You found it on level 4 of the Lair of Beasts)
 I - an uncursed ring of magical power {unknown}
   (You found it on level 4 of the Lair of Beasts)
Wands
 c - a wand of disintegration (35)
   (You found it on level 8 of the Dungeon)
 d - a wand of polymorph (8)
   (You found it on level 3 of the Lair of Beasts)
 t - a wand of flame (60)
   (You found it on level 4 of the Dungeon)
 v - a wand of digging (9)
   (You found it on level 10 of the Dungeon)
Scrolls
 h - 7 scrolls of identify {@r1}
 j - 9 scrolls of remove curse {@r2}
 r - 5 scrolls of fog
 x - a scroll of magic mapping
 y - 3 scrolls of enchant weapon
 A - a scroll of enchant armour
 C - 6 scrolls of teleportation {@r4}
Potions
 g - 2 potions of invisibility
 i - 3 potions of cancellation
 k - a potion of flight
 m - 7 potions of curing {@q1}
 n - 2 potions of heal wounds {@q2}
 p - a potion of might
 q - 3 potions of agility
 B - 3 potions of ambrosia
 F - a potion of haste {@q3}
 H - 2 potions of resistance
Comestibles
 e - 28 rations {!d}
 w - 6 chunks of flesh


   Skills:
 + Level 11.4 Fighting
 + Level 16.8 Axes
 + Level 7.3 Armour
 + Level 6.2 Shields
 + Level 6.6 Invocations
 + Level 6.9 Evocations


You had 12 spell levels left.
You didn't know any spells.
Your spell library contained the following spells:

 Spells                   Type           Power        Failure   Level  Hunger
 Beastly Appendage        Tmut           #.....       100%        1    ##.....
 Infusion                 Chrm           #...         100%        1    ##.....
 Shroud of Golubria       Chrm/Tloc      #.....       100%        2    ###....
 Song of Slaying          Chrm           #.......     100%        2    ###....
 Sticks to Snakes         Tmut           #.......     100%        2    ###....
 Ignite Poison            Fire/Tmut/Pois #.......     100%        3    ####...
 Spectral Weapon          Hex/Chrm       #.......     100%        3    ####...
 Spider Form              Tmut/Pois      #.........   100%        3    ####...
 Ice Form                 Ice/Tmut       #.......     100%        4    #####..
 Summon Lightning Spire   Summ/Air       #.......     100%        4    #####..
 Blade Hands              Tmut           #.........   100%        5    ######.
 Lightning Bolt           Conj/Air       #.........   100%        5    ######.
 Dragon Form              Tmut           #.........   100%        7    #######
 Regeneration             Chrm/Necr      Unusable     N/A         3    N/A

Dungeon Overview and Level Annotations

Branches:
Dungeon (12/15)            Temple (1/1) D:5            Lair (4/6) D:11
  Swamp (0/4) Lair:4        Snake (0/4) Lair:3          Orc (0/2) D:10

Altars:
Ashenzari
Cheibriados
Dithmenos
Elyvilon
Fedhas
Gozag
Hepliaklqana
Kikubaaqudgha
Makhleb
Nemelex Xobeh
Okawaru
Qazlal
Ru
Sif Muna
Trog
Uskayaw
Vehumet
Wu Jian
Xom
Yredelemnul
Zin
The Shining One
Beogh

Shops:
D:4 *

Annotations:
D:5 1 runed translucent door, Crazy Yiuf


Innate Abilities, Weirdness & Mutations

You are resistant to damage.
You can heal yourself by infusing magical energy.
You passively map the area around you.
You do not regenerate.


Message History

* * * LOW HITPOINT WARNING * * *
The six-headed hydra bites you!
* * * LOW HITPOINT WARNING * * *
The six-headed hydra bites you but does no damage.
You block the six-headed hydra's attack.
A demon appears!
The swamp worm bites your hellwing but does no damage.
The six-headed hydra bites you but does no damage. x2
You block the six-headed hydra's attack.
The six-headed hydra bites you.
* * * LOW HITPOINT WARNING * * *
The six-headed hydra bites you.
* * * LOW HITPOINT WARNING * * *
The six-headed hydra bites you but does no damage.
The swamp worm barely misses your hellwing.
The swamp worm bites your hellwing but does no damage.
Your hellwing closely misses the swamp worm.
Your hellwing hits the swamp worm.
Something bites your hellwing but does no damage.
Your hellwing barely misses the swamp worm. x2
The swamp worm throws harpoon shot at you.
The harpoon shot hits your hellwing.
Your hellwing hits the swamp worm!
Your hellwing hits the swamp worm but does no damage.
You enter the shallow water.
Moving in this stuff is going to be slow.
You block the six-headed hydra's attack. x2
The six-headed hydra bites you but does no damage. x3
The six-headed hydra bites you!
* * * LOW HITPOINT WARNING * * *
Your hellwing closely misses the swamp worm.
Your hellwing hits the swamp worm but does no damage.
The swamp worm throws harpoon shot at you.
The harpoon shot hits your hellwing! The six-headed hydra bites you.
The six-headed hydra bites you!
* * * LOW HITPOINT WARNING * * *
The six-headed hydra bites you but does no damage.
The six-headed hydra bites you.
The six-headed hydra bites you but does no damage.
The six-headed hydra bites you. The swamp worm bites your hellwing!
Your hellwing hits the swamp worm!
Your hellwing barely misses the swamp worm.
The swamp worm bites your hellwing but does no damage.
Your hellwing hits the swamp worm.
Your hellwing barely misses the swamp worm.
The swamp worm bites your hellwing!
Your hellwing hits the swamp worm.
The swamp worm dies!
Makhleb accepts your kill.
You block the six-headed hydra's attack. x2
The six-headed hydra bites you!
You die...

# ##.# #####..#### #..#.P..# #
##.### #..## #......### #
#....# ##.# #......##. # #..###
♣.♣ #..._..... # ♣♣.♣ ♣♣♣.♣
#........# ♣♣♣♣♣♣♣♣>♣#♣♣♣♣♣##
#......###
♣..♣§§♣≈≈♣♣♣♣♣.♣.#####....#####
♣.§§§§§≈≈♣♣.♣≈...P#.##.#.#####.
♣
§..§§§§♣♣..≈D@.÷.......#....(.
♣!
♣§§§§*♣..[≈≈≈♣♣.###....##..#.
♣.§♣§§§♣ ♣÷.≈≈≈≈♣♣##
##..###.### ♣§§§§§♣♣♣.♣≈≈≈≈♣
#..##.#### ♣§§§§≈♣§4.♣≈≈≈≈♣
♣#####.#....##
♣♣§§≈w§§§§♣≈≈≈≈♣♣#.#..#.#......
♣♣♣≈..♣♣♣♣♣≈≈≈♣...............
♣♣♣♣♣♣♣.♣♣♣♣♣..#.#.....P....
##.#♣.♣♣♣.♣♣.#....##....####.


You could see a six-headed hydra and a friendly hellwing.

Vanquished Creatures
  A fire dragon (Lair:1)
  2 hydras
  A two-headed ogre (D:12)
  3 death yaks (D:11)
  A tengu warrior (D:11)
  An unseen horror (D:10)
  Pikel (D:4)
  An ugly thing (D:11)
  A centaur zombie (D:12)
  A black mamba (Lair:4)
  2 centaur skeletons
  Psyche (D:11)
  A gargoyle (D:10)
  A torpor snail (Lair:4)
  3 spiny frogs
  4 komodo dragons
  A rime drake (Lair:4)
  2 trolls
  4 tyrant leeches (Lair:4)
  17 blink frogs
  4 hippogriffs
  Eustachio (D:4)
  10 yaks
  3 wyverns
  A hungry ghost (D:9)
  A steam dragon (D:11)
  3 basilisks
  2 vampire mosquitoes (D:11)
  2 nagas (Lair:3)
  4 swamp worms (Lair:4)
  A warg (D:10)
  Menkaure (D:6)
  Duvessa (D:4)
  10 water moccasins
  4 porcupines
  4 slaves (D:4)
  7 ice beasts
  3 black bears
  10 orc warriors
  4 sky beasts
  2 necrophages
  10 ogres
  2 phantoms
  5 centaurs
  9 wolves
  4 crocodiles
  Blork the orc (D:6)
  A big kobold (D:10)
  20 bullfrogs
  Dowan (D:4)
  4 scorpions
  9 killer bees
  9 wights
  An electric eel (D:8)
  7 crimson imps
  A bullfrog zombie (D:12)
  A quasit (D:7)
  10 orc priests
  8 hounds
  3 jellies
  17 orc wizards
  Jessica (D:2)
  A bullfrog skeleton (D:10)
  Ijyb (D:4)
  Natasha (thrice) (D:3)
  Terence (D:3)
  5 iguanas
  12 worker ants
  A bullfrog simulacrum (D:8)
  A howler monkey skeleton (D:8)
  18 adders
  7 gnolls
  A hound simulacrum (D:8)
  4 shadow imps
  2 white imps (D:8)
  2 oozes
  2 adder zombies
  7 worms
  3 dart slugs
  6 leopard geckos
  67 orcs
  6 bats
  5 giant cockroaches
  10 goblins
  10 hobgoblins
  15 jackals
  9 kobolds
  6 quokkas
  3 ball pythons
  4 frilled lizards
  2 leopard gecko zombies
  A quokka zombie (D:7)
  15 rats
  2 fungi
  A plant (Lair:2)
484 creatures vanquished.

Vanquished Creatures (collateral kills)
  2 hydras
  A swamp worm (Lair:4)
  A water moccasin (Lair:3)
  A wolf (Lair:3)
5 creatures vanquished.

Vanquished Creatures (others)
  5 fungi
  6 plants
11 creatures vanquished.

Grand Total: 500 creatures vanquished

Notes
Turn   | Place    | Note
-------+----------+-------------------------------------------
     0 | D:1      | vurker the Deep Dwarf Fighter began the quest for the Orb.
     0 | D:1      | Reached XP level 1. HP: 20/20 MP: 1/1
   126 | D:1      | Reached XP level 2. HP: 25/27 MP: 2/2
   217 | D:1      | Reached skill level 3 in Axes
   276 | D:1      | Reached XP level 3. HP: 27/34 MP: 3/3
   808 | D:2      | Reached XP level 4. HP: 26/42 MP: 4/4
  1101 | D:2      | Reached skill level 4 in Axes
  1206 | D:2      | Noticed Jessica
  1218 | D:2      | Killed Jessica
  1365 | D:3      | Noticed Natasha
  1375 | D:3      | Killed Natasha
  1375 | D:3      | Reached XP level 5. HP: 28/49 MP: 5/5
  1394 | D:3      | Noticed Natasha
  1407 | D:3      | Killed Natasha
  1814 | D:3      | Found a roughly hewn altar of Beogh.
  1823 | D:3      | Reached skill level 5 in Axes
  1876 | D:3      | Noticed Terence
  1893 | D:3      | Killed Terence
  1893 | D:3      | Reached XP level 6. HP: 41/57 MP: 6/6
  1935 | D:3      | Noticed Natasha
  1940 | D:3      | Killed Natasha
  2030 | D:4      | Noticed a slave
  2030 | D:4      | Noticed a slave
  2031 | D:4      | Noticed Pikel
  2069 | D:4      | Noticed Ijyb
  2080 | D:4      | HP: 2/57 [acid (7)]
  2087 | D:4      | Killed Ijyb
  2104 | D:4      | Noticed Eustachio
  2116 | D:4      | Reached skill level 5 in Armour
  2121 | D:4      | Killed Eustachio
  2121 | D:4      | Reached skill level 6 in Axes
  2121 | D:4      | Reached XP level 7. HP: 50/66 MP: 6/6
  2228 | D:4      | Noticed Duvessa
  2242 | D:4      | Killed Duvessa
  2242 | D:4      | Reached skill level 7 in Axes
  2242 | D:4      | Reached skill level 1 in Evocations
  2247 | D:4      | Noticed Dowan
  2266 | D:4      | Killed Dowan
  2270 | D:4      | Reached skill level 5 in Fighting
  2531 | D:4      | Killed Pikel
  2531 | D:4      | Reached skill level 8 in Axes
  2531 | D:4      | Reached XP level 8. HP: 62/75 MP: 5/8
  2559 | D:4      | Found Gozag's Platinum Reserve.
  2564 | D:4      | Found an opulent altar of Gozag.
  2795 | D:5      | Entered Level 5 of the Dungeon
  2819 | D:5      | Found an ancient bone altar of Kikubaaqudgha.
  3088 | D:5      | Reached skill level 9 in Axes
  3190 | D:5      | Reached skill level 5 in Evocations
  3242 | D:5      | Noticed a hippogriff
  3254 | D:5      | Killed a hippogriff
  3254 | D:5      | Gained mutation: You passively map the area around you.
                  | [Deep Dwarf growth]
  3254 | D:5      | Reached XP level 9. HP: 54/82 MP: 7/7
  3301 | D:5      | Found a staircase to the Ecumenical Temple.
  3313 | Temple   | Entered the Ecumenical Temple
  3390 | Temple   | Became a worshipper of Makhleb the Destroyer
  3494 | D:5      | Reached skill level 10 in Axes
  3516 | D:5      | Found a runed translucent door.
  3517 | D:5      | Noticed Crazy Yiuf
  4050 | D:6      | Noticed Menkaure
  4085 | D:6      | Killed Menkaure
  4225 | D:6      | Reached skill level 11 in Axes
  4227 | D:6      | Reached * piety under Makhleb
  4372 | D:6      | Found a sparkling altar of Nemelex Xobeh.
  4525 | D:6      | Noticed Blork the orc
  4532 | D:6      | Killed Blork the orc
  4964 | D:7      | Reached XP level 10. HP: 50/96 MP: 4/4
  4973 | D:7      | Reached ** piety under Makhleb
  5115 | D:7      | Reached skill level 12 in Axes
  5414 | D:8      | Found a shattered altar of Ashenzari.
  5646 | D:8      | Reached skill level 1 in Invocations
  5918 | D:8      | Found a glowing golden altar of the Shining One.
  6334 | D:9      | Reached *** piety under Makhleb
  6451 | D:9      | Reached skill level 13 in Axes
  7134 | D:10     | Entered Level 10 of the Dungeon
  7265 | D:10     | Killed an unseen horror
  7265 | D:10     | Reached skill level 5 in Invocations
  7265 | D:10     | Reached XP level 11. HP: 104/104 MP: 3/3
  7459 | D:10     | Reached **** piety under Makhleb
  7504 | D:10     | Reached skill level 14 in Axes
  7538 | D:10     | Found a staircase to the Orcish Mines.
  7979 | D:11     | Noticed a tengu warrior
  8120 | D:11     | Noticed a death yak
  8133 | D:11     | Noticed a death yak
  8134 | D:11     | Noticed a death yak
  8146 | D:11     | Killed a death yak
  8157 | D:11     | Reached skill level 15 in Axes
  8162 | D:11     | Killed a death yak
  8175 | D:11     | Killed a death yak
  8175 | D:11     | Reached skill level 10 in Fighting
  8209 | D:11     | Found a staircase to the Lair.
  8214 | D:11     | Reached ***** piety under Makhleb
  8277 | D:11     | Noticed Psyche
  8283 | D:11     | Killed Psyche
  8500 | D:11     | Killed a tengu warrior
  8543 | D:11     | Noticed a red ugly thing
  8563 | D:11     | Killed a red ugly thing
  8563 | D:11     | Reached XP level 12. HP: 65/116 MP: 4/4
  8584 | D:11     | You fall into a shaft and drop 1 floor!
  8597 | D:12     | Noticed a two-headed ogre
  8604 | D:12     | Killed a two-headed ogre
  8701 | D:12     | Reached skill level 16 in Axes
  8978 | Lair:1   | Entered Level 1 of the Lair of Beasts
  9052 | Lair:1   | Noticed a four-headed hydra
  9059 | Lair:1   | Killed a four-headed hydra
  9077 | Lair:1   | Got a dull robe
  9285 | Lair:1   | Identified a scroll of acquirement
  9337 | Lair:1   | Noticed a fire dragon
  9377 | Lair:1   | Killed a fire dragon
  9800 | Lair:1   | Identified Sif Muna's Almanac of Flight and Transmutation
 10024 | Lair:2   | Reached skill level 5 in Shields
 10913 | Lair:3   | Found a staircase to the Snake Pit.
 10955 | Lair:3   | Noticed a six-headed hydra
 10959 | Lair:3   | Killed a six-headed hydra
 10962 | Lair:3   | Noticed a seven-headed hydra
 11050 | Lair:3   | Killed a seven-headed hydra
 11050 | Lair:3   | Reached XP level 13. HP: 72/127 MP: 2/2
 12294 | Lair:4   | Found an opulent altar of Gozag.
 12398 | Lair:4   | Got a blackened dire flail
 12657 | Lair:4   | Found a staircase to the Swamp.
 12673 | Lair:4   | Slain by a six-headed hydra

Levels and vault maps discovered:
D:1:      onia_arrival_mini_maze_b, layout_basic
D:2:      layout_basic, first_ration, uniq_jessica
D:3:      minmay_octagon_keep, layout_basic, kennysheep_orc_chapel,
          uniq_terence, uniq_natasha
D:4:      layout_rooms, nicolae_gozag_zags_fifth_avenue, uniq_duvessa,
          uniq_pikel, uniq_ijyb, uniq_eustachio
D:5:      layout_basic, minmay_temple_entry_antechambers, basic_altar,
          st_stairs_10, kennysheep_boxes, uniq_crazy_yiuf_cottage
D:6:      layout_basic, nemelex_altar_shiori, uniq_blork_the_orc, uniq_menkaure
D:7:      layout_gridville
D:8:      layout_loops_ring, ashenzari_conservatory_becter, serial_ice,
          serial_ice_h, serial_ice_j, serial_ice_n, serial_ice_m, serial_ice_e,
          serial_ice_g, tso_metal_star
D:9:      layout_cave_pools
D:10:     layout_rooms, erik_orc_3
D:11:     layout_loops_cross, dpeg_lair_monsters, uniq_psyche
D:12:     layout_basic, grunt_ogre_cave, fedhas_altar_2, uniq_azrael
Temple:   grunt_wide_crystal_templ
Lair:1:   dragon1_lemuel, layout_gridlike, infiniplex_staircase_pool_2,
          grunt_megastairs_2
Lair:2:   layout_chaotic_city, minmay_lindwurm_lava, serial_bayou_shore_b
Lair:3:   layout_regular_city, guppyfry_snake_entry_island, serial_rivers,
          chequers_serial_rivers_room_b, chequers_serial_rivers_micro_e,
          chequers_serial_rivers_room_b, chequers_serial_rivers_micro_a,
          chequers_serial_rivers_small_3, chequers_serial_rivers_micro_b,
          small_statue_intersection, grunt_forest_stairs_basic,
          lemuel_fruit_fields
Lair:4:   layout_loops_ring, palyth_hydra_swamp_entry, basic_altar,
          worms_lemuel, lemuel_fruit_tree, serial_bayou_shore_b

Skill      XL: |  1  2  3  4  5  6  7  8  9 10 11 12 13 |
---------------+----------------------------------------+-----
Axes           | 3 4 5 6 8 9 11 13 15 16 | 16.8
Fighting       | 3 4 5 6 7 8 10 11 | 11.4
Armour         | 4 5 6 7 |  7.3
Evocations     | 4 5 6 |  6.9
Invocations    | 5 6 |  6.6
Shields        | 5 6 |  6.2

Action                   |  1- 3 |  4- 6 |  7- 9 | 10-12 | 13-15 || total
-------------------------+-------+-------+-------+-------+-------++-------
Melee: War axe           |   120 |   161 |   515 |   977 |   243 ||  2016
Invok: Lesser Servant of |       |       |       |     1 |     2 ||     3
       Major Destruction |       |       |       |     1 |       ||     1
       Minor Destruction |       |       |       |       |     1 ||     1
 Abil: Heal Wounds       |       |     8 |    26 |    39 |    16 ||    89
Evoke: Wand              |       |     1 |     2 |    34 |     1 ||    38
  Use: Scroll            |       |       |    14 |     8 |       ||    22
       Potion            |       |       |       |     2 |       ||     2
 Stab: Confused          |       |     3 |       |       |       ||     3
       Paralysed         |       |       |       |     3 |       ||     3
  Eat: Chunk             |       |     4 |    11 |    20 |     2 ||    37
       Ration            |       |       |       |     2 |     1 ||     3
Armor: Scale mail        |    60 |    60 |   104 |       |       ||   224
       Chain mail        |       |       |    78 |   101 |       ||   179
       Skin              |       |       |       |    86 |       ||    86
       Plate armour      |       |       |       |   428 |    88 ||   516
Dodge: Dodged            |    34 |    54 |   116 |   175 |    25 ||   404
Block: Shield            |    58 |    70 |   261 |   511 |   111 ||  1011

Table legend:
 A = Non-vault XP
 B = Vault XP
 C = Vault XP percentage of total XP
 D = Non-vault monster count
 E = Vault monster count
 F = Vault count percentage of total count
                 A         B        C        D         E       F
            +---------+---------+-------+---------+---------+-------
      Total |   34894 |   10689 |  23.4 |     410 |      72 |  14.9
            +---------+---------+-------+---------+---------+-------
        D:1 |      59 |       0 |   0.0 |      31 |       0 |   0.0
        D:2 |      92 |      37 |  28.7 |      25 |       1 |   3.8
        D:3 |     112 |     156 |  58.2 |      16 |      17 |  51.5
        D:4 |     506 |    1170 |  69.8 |      33 |       5 |  13.2
        D:5 |    1170 |      42 |   3.5 |      27 |       1 |   3.6
        D:6 |    1427 |     251 |  15.0 |      36 |       2 |   5.3
        D:7 |    1215 |       0 |   0.0 |      22 |       0 |   0.0
        D:8 |    1203 |     761 |  38.7 |      18 |       9 |  33.3
        D:9 |    1852 |       0 |   0.0 |      31 |       0 |   0.0
       D:10 |    3161 |     354 |  10.1 |      33 |      13 |  28.3
       D:11 |    5467 |    3026 |  35.6 |      54 |       6 |  10.0
       D:12 |    2400 |       0 |   0.0 |      16 |       0 |   0.0
     Lair:1 |    4829 |    1622 |  25.1 |      20 |       3 |  13.0
     Lair:2 |    1608 |       0 |   0.0 |       6 |       0 |   0.0
     Lair:3 |    7628 |     326 |   4.1 |      31 |       2 |   6.1
     Lair:4 |    2165 |    2944 |  57.6 |      11 |      13 |  54.2
            +---------+---------+-------+---------+---------+-------
